 Dungeon Crawl Stone Soup version 0.30-a0-1163-gf69bf04e7a (webtiles) character file.

Game seed: 11413563577113582131

9316 Jase the Fighter (level 11, -5/85 (95) HPs)
             Began as a Formicid Fighter on Apr 28, 2023.
             Was a High Priest of Okawaru.
             Slain by a gargoyle
             ... wielding a +1 flail of draining
              (16 damage)
             ... on level 10 of the Dungeon.
             The game lasted 00:33:33 (8977 turns).

Jase the Fighter (Formicid Fighter)                 Turns: 8977, Time: 00:33:33

HP:   -5/85 (95)    AC: 22    Str: 29    XL:     11   Next: 72%
MP:   16/16         EV:  8    Int: 10    God:    Okawaru [*****.]
Gold: 392           SH: 12    Dex: 15    Spells: 10/10 levels left

rFire   . . .        a - +4 morningstar (flame)
rCold   . . .        K - +0 kite shield
rNeg    + . .        m - +6 chain mail of Rauduczef {rPois Str+3 Int+3 Stlth-}
rPois   +            (helmet unavailable)
rElec   .            (no cloak)
rCorr   .            x - +0 pair of gloves
SInv    +            C - +3 pair of boots of Freedom {rF+ rC- Str+2}
Will    +....        p - amulet of regeneration Stlth
                     l - ring of positive energy
HPRegen 1.14/turn    e - ring of ice
MPRegen 0.15/turn

%: no passive effects
@: heavily drained
A: permanent stasis, dig shafts and tunnels, antennae 3, four strong arms
a: Dig, Shaft Self, Renounce Religion, Heroism, Finesse, Duel


You were on level 10 of the Dungeon.
You worshipped Okawaru.
Okawaru was extremely pleased with you.
You visited 2 branches of the dungeon, and saw 11 of its levels.
You also visited: Bailey.

You collected 658 gold pieces.
You spent 266 gold pieces at shops.

Inventory:

Hand Weapons
 a - a +4 morningstar of flaming (weapon)
 b - a +4 dire flail
Missiles
 j - 119 stones
 F - 22 poisoned darts (quivered)
Armour
 h - a +0 pair of boots
 m - the +6 chain mail of Rauduczef (worn) {rPois Str+3 Int+3 Stlth-}
   (You bought it in a shop on level 4 of the Dungeon)

   Str:       It affects your strength (+3).
   Int:       It affects your intelligence (+3).
   rPois:     It protects you from poison.
   Stlth:     It makes you less stealthy.
 q - the +0 ring mail of Tikhaot {rC+ Will+ Int-4 Dex+3}
   (You found it on level 3 of the Dungeon)

   Int:       It affects your intelligence (-4).
   Dex:       It affects your dexterity (+3).
   rC:        It protects you from cold.
   Will:      It increases your willpower.
 x - a +0 pair of gloves (worn)
 y - the +0 chain mail "Didej" {Fly Will++}
   (You found it on level 4 of the Dungeon)

   Fly:       It grants you flight.
   Will:      It greatly increases your willpower.
 C - the +3 pair of boots of Freedom (worn) {rF+ rC- Str+2}
   (You found it on level 5 of the Dungeon)

   Str:       It affects your strength (+2).
   rF:        It protects you from fire.
   rC:        It makes you vulnerable to cold.
 K - a +0 kite shield (worn)
Jewellery
 e - a ring of ice (right hand)
 l - a ring of positive energy (left hand)
 p - an amulet of regeneration (around neck)
 v - a ring of fire
 M - a ring of flight
Wands
 D - a wand of roots (4)
 H - a wand of charming (10)
 J - a wand of mindburst (17)
 L - a wand of quicksilver (7)
Scrolls
 d - a scroll of silence
 f - 2 scrolls of fear {unknown}
 k - 2 scrolls of enchant weapon {unknown}
 o - 2 scrolls of magic mapping
 r - 2 scrolls of fog {unknown}
 s - a scroll of enchant armour {unknown}
 w - a scroll of vulnerability {unknown}
 B - a scroll of amnesia {unknown}
 G - 5 scrolls of noise {unknown}
Potions
 c - 3 potions of magic {unknown}
 g - 5 potions of heal wounds
 i - a potion of attraction
 n - 3 potions of curing
 t - a potion of invisibility
 u - 2 potions of mutation
 z - 2 potions of resistance
 A - 2 potions of cancellation {unknown}
 E - 4 potions of flight
 I - a potion of ambrosia


   Skills:
 * Level 11.8 Fighting
 - Level 6.6(7.0) Axes
 + Level 3.3(5.4) Maces & Flails
 + Level 8.7 Armour
 + Level 10.4 Shields
 + Level 7.6 Invocations


You had 10 spell levels left.
You didn't know any spells.
Your spell library contained the following spells:

 Spells                   Type           Power      Damage    Failure   Level
 Sublimation of Blood     Necr           0%         N/A       97%         2
 Dazzling Flash           Conj/Hex       0%         N/A       100%        3
 Anguish                  Hex/Necr       0%         N/A       100%        4
 Cause Fear               Hex            0%         N/A       100%        4
 Olgreb's Toxic Radiance  Pois           0%         N/A       100%        4
 Petrify                  Tmut/Erth      0%         N/A       100%        4
 Agony                    Necr           0%         N/A       100%        5
 Irradiate                Conj/Tmut      0%         3d11      100%        5
 Silence                  Hex/Air        0%         N/A       100%        5
 Enfeeble                 Hex            0%         N/A       100%        7
 Discord                  Hex            0%         N/A       100%        8
 Ignition                 Fire           0%         3d3       100%        8


Dungeon Overview and Level Annotations

Branches:
Dungeon (10/15)            Temple (1/1) D:5            Lair (0/5) D:9
    Orc (0/2) D:9          Bailey (visited)

Altars:
Ashenzari
Cheibriados
Dithmenos
Elyvilon
Fedhas
Gozag
Hepliaklqana
Kikubaaqudgha
Nemelex Xobeh
Okawaru
Qazlal
Ru
Sif Muna
Trog
Uskayaw
Vehumet
Wu Jian
Xom
Yredelemnul
Zin
The Shining One

Shops:
D:4 :([[

Annotations:
D:6 1 transporter, halvedace's ghost, novice MiFi
D:9 3 runed translucent doors, logorrheac's ghost, novice DgCj


Innate Abilities, Weirdness & Mutations

You cannot be hasted, slowed, berserked, paralysed or teleported.
You can dig through walls and to a lower floor.
You have a pair of large antennae on your head. (SInv)
Your four strong arms can wield two-handed weapons with a shield.


Message History

You partially resist.
You barely miss the gargoyle.
The gargoyle is severely damaged.
The gargoyle hurls a stone arrow at you.
The stone arrow hits you!!
You hit the gargoyle but do no damage.
The gargoyle is severely damaged.
The gargoyle hits you but does no damage.
You partially resist.
The gargoyle hits you with a +1 flail of draining!
You partially resist.
You feel drained.
You hit the gargoyle. You burn the gargoyle.
The gargoyle is almost destroyed.
The gargoyle hurls a stone arrow at you.
The stone arrow hits you.
You completely miss the gargoyle.
The gargoyle is almost destroyed.
You block the gargoyle's attack.
You completely miss the gargoyle.
The gargoyle is almost destroyed.
The gargoyle hits you with a +1 flail of draining!!
You partially resist.
You feel drained. You block the gargoyle's attack.
You hit the gargoyle but do no damage.
The gargoyle is almost destroyed.
The gargoyle hits you with a +1 flail of draining.
* * * LOW HITPOINT WARNING * * *
You partially resist.
You feel drained.
You barely miss the gargoyle.
The gargoyle is almost destroyed.
The gargoyle hurls a stone arrow at you.
You block the stone arrow.
You hit the gargoyle but do no damage.
The gargoyle is almost destroyed.
The gargoyle hurls a stone arrow at you.
The stone arrow hits you!
* * * LOW HITPOINT WARNING * * *
You barely miss the gargoyle.
The gargoyle is almost destroyed.
The gargoyle hits you with a +1 flail of draining!
You die...

...................#.#.
.......................
..................#....
...........##.........#
...........#.#.....#.#
.... ........#...####
.... ...#.#.#...##.##
.... ...............#
.... ....#....@##.##
.... ...).##...9# .#
.... .... #...... .#
.... .. .......... # ..
. ...........9.. ...
............... ...
............... ...
............... ..


You could see a gargoyle.

Vanquished Creatures
  A two-headed ogre (D:8)
  A gargoyle (Bailey)
  Maggie (D:7)
  Psyche (D:8)
  2 komodo dragons (D:9)
  A troll (D:10)
  3 hornets
  2 vampires
  Sigmund (D:3)
  Grum (D:8)
  6 yaks (D:5)
  4 wyverns
  2 basilisks (D:9)
  A steam dragon (D:9)
  2 water moccasins (D:6)
  2 orc warriors
  2 sky beasts (D:6)
  An ice beast (D:7)
  2 ogres
  2 wolves (D:8)
  A centaur (D:9)
  2 kobold brigands
  6 bullfrogs
  A gnoll sergeant (D:9)
  2 scorpions
  7 wights
  16 killer bees
  9 vampire bats (Bailey)
  A howler monkey (D:8)
  8 wolf zombies (Bailey)
  3 hounds
  An orc priest (D:7)
  3 sleepcaps
  5 iguanas
  An orc wizard (D:7)
  4 gnolls (D:9)
  11 adders
  2 shadow imps
  2 white imps
  An ufetubus (D:7)
  4 worms
  4 dart slugs
  The ghost of xian the Sneak, a weakling FeDe (D:4)
  25 orcs
  4 endoplasms
  4 giant cockroaches
  7 goblins
  11 hobgoblins
  3 jackals (D:4)
  2 quokkas
  5 ball pythons
  6 bats
  5 frilled lizards
  20 kobolds
  19 orc zombies (Bailey)
  5 rats
249 creatures vanquished.

Notes
Turn   | Place    | Note
-------+----------+-------------------------------------------
     0 | D:1      | Jase the Formicid Fighter began the quest for the Orb.
     0 | D:1      | Reached XP level 1. HP: 18/18 MP: 1/1
    72 | D:1      | You fall into a shaft and drop 1 floor!
    93 | D:2      | Reached XP level 2. HP: 24/24 MP: 2/2
   301 | D:1      | Reached XP level 3. HP: 30/30 MP: 3/3
   761 | D:2      | Reached skill level 4 in Fighting
   920 | D:2      | Reached XP level 4. HP: 37/37 MP: 4/4
  1444 | D:3      | Noticed a scorpion
  1452 | D:3      | Killed a scorpion
  1453 | D:3      | Reached skill level 5 in Shields
  1453 | D:3      | Reached XP level 5. HP: 38/43 MP: 5/5
  1669 | D:3      | Noticed Sigmund
  1683 | D:3      | Killed Sigmund
  1684 | D:3      | Reached skill level 5 in Fighting
  1684 | D:3      | Reached XP level 6. HP: 47/51 MP: 6/6
  1812 | D:3      | Identified the +0 ring mail of Tikhaot {rC+ Will+ Int-4
                  | Dex+3}
  2236 | D:4      | Found Isinguol's Antique Armour Emporium.
  2396 | D:4      | Found Awnek's Antique Armour Emporium.
  2536 | D:4      | Reached XP level 7. HP: 57/57 MP: 7/7
  2708 | D:4      | Found a radiant altar of Vehumet.
  2861 | D:4      | Reached skill level 6 in Fighting
  2890 | D:4      | Found Siatea's Weapon Emporium.
  2933 | D:4      | Found a runed translucent gate.
  2933 | D:4      | Found a runed translucent gate.
  2933 | D:4      | Found a runed translucent gate.
  2937 | D:4      | Identified the +0 chain mail "Didej" {Fly Will++}
  2944 | D:4      | Found Piuxtuoc's Book Shop.
  3125 | D:4      | Noticed xian's ghost (weakling FeDe)
  3149 | D:4      | Killed xian's ghost
  3225 | D:5      | Entered Level 5 of the Dungeon
  3266 | D:5      | Reached skill level 5 in Armour
  3276 | D:5      | Found a staircase to the Ecumenical Temple.
  3297 | Temple   | Entered the Ecumenical Temple
  3557 | Temple   | Became a worshipper of Warmaster Okawaru
  3646 | D:5      | Noticed a yak
  3646 | D:5      | Noticed a yak
  3664 | D:5      | Noticed a yak
  3665 | D:5      | Noticed a yak
  3665 | D:5      | Noticed a yak
  3668 | D:5      | Killed a yak
  3669 | D:5      | Reached skill level 1 in Invocations
  3669 | D:5      | Reached XP level 8. HP: 44/65 MP: 8/8
  3669 | D:5      | Noticed a yak
  3677 | D:5      | Killed a yak
  3677 | D:5      | Reached * piety under Okawaru
  3681 | D:5      | Killed a yak
  3682 | D:5      | Reached skill level 7 in Fighting
  3686 | D:5      | Killed a yak
  3690 | D:5      | Killed a yak
  3695 | D:5      | Killed a yak
  3695 | D:5      | Reached ** piety under Okawaru
  3696 | D:5      | Reached XP level 9. HP: 44/74 MP: 9/11
  4062 | D:5      | Identified the +3 pair of boots of Freedom {rF+ rC- Str+2}
  4246 | D:6      | Reached skill level 8 in Fighting
  4246 | D:6      | Reached skill level 5 in Axes
  4848 | D:4      | Bought an ancient chain mail for 266 gold pieces
  4848 | D:4      | Identified the +6 chain mail of Rauduczef {rPois Str+3
                  | Int+3 Stlth-} (You bought it in a shop on level 4 of the
                  | Dungeon)
  4954 | D:6      | Found a transporter.
  4957 | D:6      | Noticed halvedace's ghost (novice MiFi)
  5548 | D:7      | Found a flagged portal.
  5574 | Bailey   | Entered a bailey
  5651 | Bailey   | Reached *** piety under Okawaru
  5708 | Bailey   | Reached skill level 9 in Fighting
  5778 | Bailey   | Reached XP level 10. HP: 82/83 MP: 13/13
  5826 | Bailey   | Reached skill level 5 in Invocations
  5923 | Bailey   | Noticed a gargoyle
  5931 | Bailey   | Killed a gargoyle
  6035 | Bailey   | Identified the +4 ring mail "Zuan" {Harm Int+2}
  6134 | D:7      | Reached **** piety under Okawaru
  6148 | D:7      | Reached skill level 10 in Fighting
  6607 | D:7      | Noticed Maggie
  6628 | D:7      | Killed Maggie
  7016 | D:8      | Noticed a two-headed ogre
  7026 | D:8      | Killed a two-headed ogre
  7027 | D:8      | Reached skill level 1 in Maces & Flails
  7027 | D:8      | Reached XP level 11. HP: 78/92 MP: 12/15
  7172 | D:8      | Noticed Psyche
  7189 | D:8      | Killed Psyche
  7220 | D:8      | Reached skill level 11 in Fighting
  7421 | D:8      | Noticed Grum
  7438 | D:8      | Killed Grum
  7790 | D:9      | Reached ***** piety under Okawaru
  7791 | D:9      | Reached skill level 10 in Shields
  7914 | D:9      | Identified the +2 chain mail "Beanu" {Will++ SInv}
  8190 | D:9      | Found a runed translucent gate.
  8190 | D:9      | Found a runed translucent gate.
  8190 | D:9      | Found a runed translucent gate.
  8192 | D:9      | Found an opulent altar of Gozag.
  8192 | D:9      | Noticed a centaur warrior
  8194 | D:9      | Found a staircase to the Orcish Mines.
  8194 | D:9      | Noticed logorrheac's ghost (novice DgCj)
  8194 | D:9      | Noticed an eight-headed hydra
  8555 | D:9      | Found a staircase to the Lair.
  8721 | D:10     | Entered Level 10 of the Dungeon
  8977 | D:10     | Slain by a gargoyle

Illustrated notes

Levels and vault maps discovered:
D:1:      dpeg_arrival_connections, layout_basic, fountainhead
D:2:      layout_loops_ring, minmay_randomly_rotated_circles
D:3:      layout_basic, uniq_sigmund
D:4:      layout_loops_corners, mainiacjoe_overflow_six_doors_small,
          serial_shops, shop, nicolae_shop_hallway_stairs, shop,
          nicolae_shop_crystal, ebering_ghost_rock_garden,
          amcnicky_mini_pool_small
D:5:      layout_loops_ring, minmay_temple_entry_overgrown
D:6:      layout_basic, gammafunk_ghost_smash, supply_closet_lemuel
D:7:      layout_loops_ring, enter_bailey_3, uniq_maggie
D:8:      layout_loops_ring, nicolae_elevator_lobby_asterisk, uniq_grum,
          uniq_psyche
D:9:      layout_roguey, erik_lair_dragon, orc_0_dummy, ebering_ghost_gozag,
          st_stairs_1
D:10:     layout_cross, mainiacjoe_overflow_swirl, minmay_tree_intersection
Temple:   compressed_dpeg_triangle_lava_temple

Skill      XL: |  1  2  3  4  5  6  7  8  9 10 11 |
---------------+----------------------------------+-----
Fighting       | 4 5 6 7 9 10 11 | 11.8
Armour         | 4 5 6 7 8 |  8.7
Shields        | 5 6 7 8 9 10 | 10.4
Axes           | 3 4 5 6 |  6.6
Invocations    | 1 3 4 6 7 |  7.6
Maces & Flails | 1 3 |  3.3

Action                     |  1- 3 |  4- 6 |  7- 9 | 10-12 || total
---------------------------+-------+-------+-------+-------++-------
  Melee: War axe           |    85 |   123 |   292 |   156 ||   656
         Morningstar       |       |       |       |   199 ||   199
         Unarmed           |       |       |       |    12 ||    12
  Throw: Dart              |       |       |       |     4 ||     4
 Invoke: Heroism           |       |       |       |     3 ||     3
Ability: Dig               |     1 |       |       |     2 ||     3
  Evoke: Wand              |       |       |       |     2 ||     2
    Use: Potion            |       |     1 |     1 |       ||     2
         Scroll            |       |       |    13 |     2 ||    15
 Armour: Scale mail        |    35 |    28 |       |       ||    63
         Chain mail        |       |    15 |   178 |   240 ||   433
         Skin              |       |       |       |     3 ||     3
  Dodge: Dodged            |    40 |    56 |   133 |   172 ||   401
  Block: Buckler           |    25 |    33 |    80 |    86 ||   224
         Kite shield       |       |       |       |    68 ||    68

Table legend: (Time is in decaauts)
 A = Elapsed time spent in this place.
 B = Non-inter-level travel time spent in this place.
 C = Inter-level travel time spent in this place.
 D = Time resting spent in this place.
 E = Time spent auto-exploring this place.
 F = Levels seen in this place.
 G = Mean time per level.
                   A        B        C        D        E       F      G
               +--------+--------+--------+--------+--------+-----+--------+
         Total |   9229 |   8810 |    419 |    294 |   5924 |  12 |  769.1 |
       Dungeon |   8390 |   7987 |    403 |    232 |   5656 |  10 |  839.0 |
        Temple |    276 |    260 |     16 |      0 |    223 |   1 |  276.0 |
        Bailey |    562 |    562 |      0 |     62 |     45 |   1 |  562.0 |
               +--------+--------+--------+--------+--------+-----+--------+

Top non-repeatable levels by time:
     D:6: 1182 daAuts
     D:4: 1166 daAuts
     D:9: 1015 daAuts
     D:7: 962 daAuts
     D:2: 825 daAuts
     D:8: 813 daAuts
     D:5: 798 daAuts
     D:3: 721 daAuts
     D:1: 669 daAuts
  Bailey: 562 daAuts
  Temple: 276 daAuts
    D:10: 235 daAuts
